 Dungeon Crawl Stone Soup version 0.29.0-4-gdea44cf6ec (webtiles) character file.

Game seed: 8481960815040173684

328 qw the Chopper (level 6, 0/35 HPs)
             Began as a Tengu Warper on Aug 28, 2022.
             Slain by an iguana (3 damage)
             ... on level 5 of the Dungeon.
             The game lasted 00:00:27 (4714 turns).

qw the Chopper (Tengu Warper)                       Turns: 4714, Time: 00:00:27

Health: 0/35       AC: 13    Str: 13    XL:     6   Next: 50%
Magic:  10/10      EV:  5    Int: 14    God:
Gold:   270        SH:  0    Dex: 13    Spells: 9/9 levels left

rFire   . . .      SeeInvis .   Y - +3 hand axe
rCold   . . .      Faith    .   (no shield)
rNeg    . . .      Spirit   .   e - +0 plate armour
rPois   .          Reflect  .   (helmet restricted)
rElec   .          Harm     .   l - +0 cloak
rCorr   .          Rampage  .   m - +0 pair of gloves
Will    .....                   (boots unavailable)
Stlth   ..........              (no amulet)
HPRegen 0.11/turn               (no ring)
MPRegen 0.12/turn               (no ring)

@: about to teleport, flying quickly and evasively, quick
A: beak, talons 3, nimble flight
a: no special abilities


You were on level 5 of the Dungeon.
You visited 1 branch of the dungeon, and saw 5 of its levels.

You collected 270 gold pieces.


Innate Abilities, Weirdness & Mutations

You have a beak for a mouth.
You have claws for feet.
Your magical nature lets you fly swiftly and evasively.


   Skills:
 - Level 2.0 Fighting
 + Level 6.4 Axes
 - Level 1.0 Throwing
 - Level 3.6 Armour
 - Level 2.1 Dodging
 - Level 2.0 Spellcasting
 - Level 2.4 Translocations


You had 9 spell levels left.
You didn't know any spells.
Your spell library contained the following spells:

 Spells                   Type           Power      Damage    Failure   Level
 Blink                    Tloc           16%        N/A       100%        2
 Gell's Gravitas          Tloc           8%         N/A       100%        3
 Lesser Beckoning         Tloc           8%         N/A       100%        3
 Teleport Other           Tloc           8%         N/A       100%        3
 Manifold Assault         Tloc           8%         N/A       100%        5

Inventory:

Hand Weapons
 f - a +0 mace
 Y - a +3 hand axe (weapon)
Armour
 e - a +0 plate armour (worn)
 l - a +0 cloak (worn)
 m - a +0 pair of gloves (worn)
Scrolls
 a - a scroll of identify
 c - 2 scrolls of teleportation
Potions
 b - a potion of resistance
 g - a potion of mutation {unknown}
 h - a potion of curing
 i - a potion of heal wounds
 j - a potion of brilliance {unknown}
 k - a potion of berserk rage {unknown}

Dungeon Overview and Level Annotations

Branches:
Dungeon (5/15)
 Temple: D:4-7

Altars:
Fedhas
Gozag
Uskayaw
Xom

Shops:
D:3 [


Message History

The white imp hits you but does no damage.
You closely miss the white imp. Your kick misses the white imp.
The white imp is moderately wounded.
The white imp barely misses you.
You hit the white imp. Your kick misses the white imp.
The white imp is moderately wounded.
The white imp gestures at you. The puff of frost hits you.
You hit the white imp. Your punch misses the white imp.
The white imp is heavily wounded.
You hit the iguana but do no damage.
The iguana bites you but does no damage.
The white imp hits you. The white imp freezes you.
You hit the white imp but do no damage.
The white imp is heavily wounded.
You barely miss the iguana.
The white imp hits you but does no damage.
The iguana bites you but does no damage.
You barely miss the white imp. Your peck misses the white imp.
The white imp is heavily wounded.
You hit the iguana. The iguana bites you. The white imp gestures at you.
The puff of frost hits you.
You closely miss the white imp.
The white imp is heavily wounded.
You hit the iguana but do no damage.
The iguana bites you but does no damage.
The white imp hits you but does no damage.
You barely miss the white imp. Your kick misses the white imp.
The white imp is heavily wounded.
You hit the iguana but do no damage. The iguana bites you.
The white imp gestures at you. The puff of frost hits you!
4714 ||| READING 3 scrolls of teleportation.
As you read the scroll of teleportation, it crumbles to dust.
You feel strangely unstable. The iguana bites you.
You die...

###+###'..+.##.#
.......#..####.#
.......#..# #.#
###+###'### #.#
#.#.### #.#
#.....# .#.#
#.#.#.#..#.#
#.#.....##.# .
#.@...##.# ##
#5#l#.##.#
#.....#..#
#.....####
#.#.#.# #.....#
#.[...# #. .#


You could see an iguana and a white imp.

Vanquished Creatures
  An ogre (D:4)
  A phantom (D:4)
  A hound (D:5)
  Robin (D:3)
  2 adders
  2 white imps (D:5)
  An ufetubus (D:4)
  A worm (D:2)
  2 dart slugs (D:2)
  An orc (D:3)
  6 ball pythons
  5 bats
  7 endoplasms
  2 giant cockroaches (D:2)
  18 goblins
  11 hobgoblins
  3 quokkas
  4 frilled lizards
  14 kobolds
  3 rats
86 creatures vanquished.

Vanquished Creatures (others)
  2 plants (D:4)
2 creatures vanquished.

Grand Total: 88 creatures vanquished

Notes
Turn   | Place    | Note
-------+----------+-------------------------------------------
     0 | D:1      | qw the Tengu Warper began the quest for the Orb.
     0 | D:1      | Reached XP level 1. HP: 12/12 MP: 4/4
     0 | D:1      | 0 ||| qw: Version: 0.1-a-89-g26bdef1
     0 | D:1      | 0 ||| qw: Game counter: 2477
     0 | D:1      | 0 ||| qw: Always use a shield: true
     0 | D:1      | 0 ||| qw: God list: Okawaru
     0 | D:1      | 0 ||| qw: Allow faded altars: false
     0 | D:1      | 0 ||| qw: Do Orc after D:15 true
     0 | D:1      | 0 ||| qw: Do second Lair branch before Depths: true
     0 | D:1      | 0 ||| qw: Lair rune preference: random
     0 | D:1      | 0 ||| qw: Plans: Normal
     0 | D:1      | 0 ||| PLANNING D:1-11
   357 | D:1      | Reached XP level 2. HP: 17/17 MP: 6/6
   381 | D:1      | Reached skill level 3 in Axes
   389 | D:1      | 389 ||| DROPPING +0 club.
   986 | D:1      | 986 ||| READING scroll labelled IQUEGY XU FIA.
  1003 | D:1      | 1003 ||| Stepping ~*~*~tactically~*~*~ (stealth).
  1011 | D:1      | 1011 ||| Stepping ~*~*~tactically~*~*~ (stealth).
  1012 | D:1      | 1012 ||| Stepping ~*~*~tactically~*~*~ (stealth).
  1015 | D:1      | 1015 ||| Stepping ~*~*~tactically~*~*~ (stealth).
  1135 | D:1      | Reached XP level 3. HP: 21/21 MP: 7/7
  1227 | D:1      | 1227 ||| READING scroll labelled COVVESCHIRUO.
  1230 | D:1      | 1230 ||| READING scroll labelled IZUDYCA VUSTRO.
  1231 | D:1      | 1231 ||| DROPPING scroll of blinking.
  1325 | D:2      | 1325 ||| Stepping ~*~*~tactically~*~*~ (stealth).
  1338 | D:2      | Reached skill level 4 in Axes
  1551 | D:2      | 1551 ||| Stepping ~*~*~tactically~*~*~ (stealth).
  1793 | D:2      | 1793 ||| READING scroll of enchant weapon.
  1793 | D:2      | 1793 ||| ENCHANTING +1 hand axe.
  1978 | D:2      | 1978 ||| UPGRADING to +0 plate armour.
  1988 | D:2      | 1988 ||| DROPPING +0 leather armour.
  1989 | D:2      | 1989 ||| DROPPING orb of mayhem.
  1990 | D:2      | 1990 ||| DRINKING 2 cyan potions.
  2031 | D:3      | Reached XP level 4. HP: 26/26 MP: 8/8
  2078 | D:3      | 2078 ||| Stepping ~*~*~tactically~*~*~ (stealth).
  2083 | D:3      | 2083 ||| Stepping ~*~*~tactically~*~*~ (stealth).
  2089 | D:3      | Noticed Robin
  2090 | D:3      | 2090 ||| Stepping ~*~*~tactically~*~*~ (hiding).
  2100 | D:3      | Killed Robin
  2159 | D:3      | Found a shimmering altar of Xom.
  2190 | D:3      | Identified the +3 ring mail of Qecej {Dex+7}
  2245 | D:3      | Found an opulent altar of Gozag.
  2313 | D:3      | HP: 6/26 [poisoned by a kobold]
  2699 | D:3      | 2699 ||| FLEEEEING.
  2700 | D:3      | 2700 ||| FLEEEEING.
  2701 | D:3      | 2701 ||| FLEEEEING.
  2702 | D:3      | 2702 ||| FLEEEEING.
  2703 | D:3      | 2703 ||| FLEEEEING.
  2704 | D:3      | 2704 ||| FLEEEEING.
  2705 | D:3      | 2705 ||| FLEEEEING.
  2803 | D:3      | HP: 5/26 [poisoned by a kobold]
  2807 | D:3      | HP: 2/26 [poisoned by a kobold]
  2935 | D:3      | Found Idiqo's Antique Armour Shoppe.
  2936 | D:3      | 2936 ||| FLEEEEING.
  2937 | D:3      | 2937 ||| FLEEEEING.
  2938 | D:3      | 2938 ||| FLEEEEING.
  2939 | D:3      | 2939 ||| FLEEEEING.
  2940 | D:3      | 2940 ||| FLEEEEING.
  2941 | D:3      | 2941 ||| FLEEEEING.
  2942 | D:3      | 2942 ||| FLEEEEING.
  2943 | D:3      | 2943 ||| FLEEEEING.
  2944 | D:3      | 2944 ||| FLEEEEING.
  2945 | D:3      | 2945 ||| FLEEEEING.
  2946 | D:3      | 2946 ||| FLEEEEING.
  2947 | D:3      | 2947 ||| FLEEEEING.
  2950 | D:3      | 2950 ||| FLEEEEING.
  2951 | D:3      | 2951 ||| FLEEEEING.
  2952 | D:3      | 2952 ||| FLEEEEING.
  2953 | D:3      | 2953 ||| FLEEEEING.
  2956 | D:3      | 2956 ||| STAIRDANCE
  3105 | D:2      | 3105 ||| READING scroll labelled PILATA NAM TUM.
  3106 | D:2      | 3106 ||| READING scroll labelled JUDIUCUTAI.
  3107 | D:2      | 3107 ||| READING 2 scrolls labelled YPTUCHIXZO.
  3108 | D:2      | 3108 ||| DRINKING 2 white potions.
  3109 | D:2      | 3109 ||| DROPPING potion of flight.
  3110 | D:2      | 3110 ||| DROPPING scroll of butterflies.
  3141 | D:3      | 3141 ||| SHOPLISTING fire dragon scales (1440 gold, have
                  | 209).
  3158 | D:3      | Reached skill level 5 in Axes
  3323 | D:3      | Noticed a great orb of eyes
  3326 | D:3      | Found a faded altar of an unknown god.
  3327 | D:3      | 3327 ||| READING scroll labelled ERGHI ZOEFUTWIMIMUCW.
  3338 | D:3      | Noticed an eye of devastation
  3344 | D:3      | Noticed a golden eye
  3367 | D:3      | Noticed a golden eye
  3386 | D:3      | 3386 ||| READING scroll of enchant weapon.
  3386 | D:3      | 3386 ||| ENCHANTING +2 hand axe.
  3505 | D:3      | Found a hide-covered altar of Uskayaw.
  3509 | D:3      | 3509 ||| UPGRADING to +0 cloak.
  3514 | D:3      | 3514 ||| UPGRADING to +0 pair of gloves.
  3519 | D:3      | 3519 ||| READING scroll labelled LOKOUM DA ORIDUJ.
  3520 | D:3      | 3520 ||| READING 3 scrolls of teleportation.
  3583 | D:4      | 3583 ||| Stepping ~*~*~tactically~*~*~ (stealth).
  3595 | D:4      | Noticed an ogre
  3605 | D:4      | Killed an ogre
  3606 | D:4      | Reached skill level 6 in Axes
  3606 | D:4      | Gained mutation: Your magical nature lets you fly swiftly
                  | and evasively. [Tengu growth]
  3606 | D:4      | Reached XP level 5. HP: 10/30 MP: 9/9
  3783 | D:4      | 3783 ||| Stepping ~*~*~tactically~*~*~ (stealth).
  3784 | D:4      | 3784 ||| Stepping ~*~*~tactically~*~*~ (stealth).
  3786 | D:4      | 3786 ||| Stepping ~*~*~tactically~*~*~ (stealth).
  4013 | D:4      | Noticed a phantom
  4014 | D:4      | 4014 ||| Stepping ~*~*~tactically~*~*~ (stealth).
  4016 | D:4      | 4016 ||| Stepping ~*~*~tactically~*~*~ (stealth).
  4018 | D:4      | 4018 ||| Stepping ~*~*~tactically~*~*~ (stealth).
  4019 | D:4      | 4019 ||| Stepping ~*~*~tactically~*~*~ (stealth).
  4020 | D:4      | 4020 ||| Stepping ~*~*~tactically~*~*~ (stealth).
  4021 | D:4      | 4021 ||| Stepping ~*~*~tactically~*~*~ (stealth).
  4025 | D:4      | Killed a phantom
  4026 | D:4      | Reached skill level 3 in Armour
  4026 | D:4      | Reached XP level 6. HP: 35/35 MP: 10/10
  4488 | D:4      | 4488 ||| READING scroll labelled ABOYFIDGHITE.
  4489 | D:4      | 4489 ||| DRINKING 2 puce potions.
  4490 | D:4      | 4490 ||| DRINKING 2 glowing dark potions.
  4491 | D:4      | 4491 ||| READING 3 scrolls of identify.
  4491 | D:4      | 4491 ||| IDENTIFYING black potion
  4492 | D:4      | 4492 ||| READING 2 scrolls of identify.
  4492 | D:4      | 4492 ||| IDENTIFYING metallic blue potion
  4493 | D:4      | 4493 ||| DROPPING potion of degeneration.
  4494 | D:4      | 4494 ||| DROPPING potion of magic.
  4510 | D:5      | Entered Level 5 of the Dungeon
  4575 | D:5      | Found a blossoming altar of Fedhas.
  4702 | D:5      | 4702 ||| Stepping ~*~*~tactically~*~*~ (hiding).
  4703 | D:5      | 4703 ||| Stepping ~*~*~tactically~*~*~ (hiding).
  4713 | D:5      | HP: 3/35 [white imp/puff of frost (10)]
  4714 | D:5      | 4714 ||| READING 3 scrolls of teleportation.
  4714 | D:5      | Slain by an iguana

Levels and vault maps discovered:
D:1:      onia_arrival_handbag, layout_loops_ring,
          nicolae_concentric_dashed_squares_mild, minmay_misc_feat_more_columns
D:2:      layout_rooms, minmay_split_cup_large
D:3:      layout_basic, general_overflow_altar, mainiacjoe_overflow_alcove_1,
          lemuel_crystal_altar, serial_shops, nicolae_shop_behind_doors,
          hellmonk_ecumenical_altar_watching_god, kennysheep_small_spiral,
          uniq_robin
D:4:      cheibrodos_old_hovel, layout_loops_ring, st_stairs_4,
          chequers_serial_rivers_micro_a
D:5:      layout_basic, mainiacjoe_overflow_24_doors,
          minmay_temple_entry_slanted, columned_hall_lemuel

Skill      XL: |  1  2  3  4  5 |
---------------+----------------+-----
Axes           | 3 4 6 |  6.4
Armour         | 2 3 |  3.6
Fighting       | |  2.0
Throwing       | |  1.0
Dodging        | |  2.1
Spellcasting   | |  2.0
Translocations | |  2.4

Action                   |  1- 3 |  4- 6 || total
-------------------------+-------+-------++-------
Melee: Hand axe          |    87 |    92 ||   179
       Kick              |    18 |    19 ||    37
       Peck              |     9 |    12 ||    21
       Punch             |     1 |     1 ||     2
Throw: Boomerang         |     7 |       ||     7
  Use: Scroll            |     4 |    11 ||    15
       Potion            |     1 |     3 ||     4
Armor: Leather armour    |    12 |       ||    12
       Plate armour      |     2 |    56 ||    58
Dodge: Dodged            |    35 |    14 ||    49

Table legend:
 A = Non-vault XP
 B = Vault XP
 C = Vault XP percentage of total XP
 D = Non-vault monster count
 E = Vault monster count
 F = Vault count percentage of total count
                 A         B        C        D         E       F
            +---------+---------+-------+---------+---------+-------
      Total |     300 |     169 |  36.0 |      63 |      23 |  26.7
            +---------+---------+-------+---------+---------+-------
        D:1 |      30 |       7 |  18.9 |      18 |       4 |  18.2
        D:2 |      34 |       9 |  20.9 |      17 |       4 |  19.0
        D:3 |      35 |      37 |  51.4 |      13 |      12 |  48.0
        D:4 |     138 |     116 |  45.7 |      12 |       3 |  20.0
        D:5 |      63 |       0 |   0.0 |       3 |       0 |   0.0
            +---------+---------+-------+---------+---------+-------
